Qxy, chaotic female elven Wizard ---- --..------ |........-- |.........-- |.[........| --..--...--)--- |...|--#)||..^| |...| |.-|---.--- |...| |..| |...| -------- --..-- |..| ---.--- --[.@dd.-- --..-- |..---- |...| |.[.|Z)?.. |..-- --.....--|-.%----.----.|.. |..| |<......||......(.| --- ---- --......--------...| |....---- |....| |.|..| |....| ------ --.--- --- Qxy the Thaumaturge Experience level: 8 Strength: 12 Dexterity: 14 Constitution: 14 Intelligence: 18 Wisdom: 13 Charisma: 11 Health: 0(44) Energy: 4(82) Def: 4 Gold: 236 Moves: 4623 Dungeon seed: 9Kon6EZnT2x1l18G Game ID: Qxy_1467535292 Your Inventory: Coins $ - 236 gold pieces Amulets u - an uncursed amulet versus poison A - a cursed amulet of restful sleep Weapons a - a blessed +1 quarterstaff (weapon in hands) m - a +0 knife Armor e - an uncursed +0 cloak of magic resistance (being worn) G - an uncursed rusty +0 dwarvish iron helm (being worn) H - an uncursed +0 pair of iron shoes (being worn) Comestibles R - 3 uncursed food rations Scrolls i - 2 uncursed scrolls of light v - an uncursed scroll of teleportation z - an uncursed scroll of confuse monster I - an uncursed scroll of food detection P - a cursed scroll of gold detection W - an uncursed scroll of identify Y - an uncursed scroll of destroy armor Potions f - an uncursed potion of gain ability g - an uncursed potion of levitation h - an uncursed potion of fruit juice o - an uncursed potion of extra healing S - 3 uncursed potions of oil Rings c - an uncursed ring of cold resistance d - an uncursed +1 ring of increase damage l - an uncursed ring of see invisible t - an uncursed ring of conflict named aggravate x - a cursed ring of aggravate monster Tools j - 2 blessed tallow candles (0:200) k - a +0 pick-axe s - an uncursed lock pick D - an uncursed magic lamp J - an uncursed skeleton key M - 4 uncursed tallow candles (0:200) Q - an uncursed tin whistle V - an uncursed magic lamp Gems n - 5 uncursed worthless pieces of white glass q - an uncursed citrine stone r - 3 uncursed worthless pieces of green glass y - 6 uncursed worthless pieces of violet glass C - 2 uncursed flint stones named rock? E - 4 uncursed worthless pieces of blue glass N - 3 uncursed worthless pieces of red glass Spells and supernatural/magical abilities: Name Level Category Fail Memory a - force bolt 1 attack 4% 77% z - sleep 1 enchantment 4% 96% B - cure blindness 2 healing 68% 81% D - drain life 2 attack 4% 77% W - pray for help -- divine ? -- Your skills at the end: Fighting Skills Weapon Skills quarterstaff [Skilled] Spellcasting Skills attack spells [Skilled] enchantment spells [Basic] Final Attributes: You were piously aligned. You were sleep resistant. You were magic-protected. You had infravision. You are dead. Vanquished creatures: a green dragon a small mimic a quantum mechanic a pyrolisk 2 large cats an energy vortex 2 winter wolf cubs a giant spider 5 gnome kings a brown pudding a dog 2 dwarf lords a dust vortex 5 Mordor orcs 4 Uruk-hai a rock piercer a yellow light a shrieker 10 gnome lords 3 gnomish wizards 2 elf zombies a ghoul a baby crocodile a floating eye a kitten 16 dwarves 4 rothes a werejackal 2 iguanas an acid blob 4 coyotes 3 hobbits a large kobold a giant rat a cave spider a yellow mold a red mold 54 gnomes a garter snake a gnome zombie 4 geckos 3 jackals 3 kobolds 2 goblins 2 sewer rats 7 grid bugs 4 lichens 168 creatures vanquished. Voluntary challenges: You had been an atheist until turn 2805. You used a wielded weapon 176 times, starting on turn 11. You read items or engraved 6 times, starting on turn 808. You never genocided any monsters. You never polymorphed an object. You never changed form. You used no wishes. You never split a pudding. You never wrote Elbereth's name. You never violated your personal moral code. Dungeon overview: The Dungeons of Doom: levels 1 to 2 Level 1 a fountain a long staircase Level 2 a weapon shop stairs to The Gnomish Mines The Gnomish Mines: levels 3 to 10 Level 3 stairs to The Dungeons of Doom Level 4 Level 5 Level 6 many shops, a temple to Thoth, some fountains Level 7 Level 8 Level 9 Level 10 <- You were here History has recorded: On T:1 you entered the Dungeons of Doom to retrieve the Amulet of Yendor! On T:229 you advanced to experience level 2. On T:479 you advanced to experience level 3. On T:504 you reached level 2 of The Dungeons of Doom. On T:934 you reached level 1 of The Gnomish Mines. On T:952 you advanced to experience level 4. On T:1122 you advanced to experience level 5. On T:1401 you reached level 2 of The Gnomish Mines. On T:1769 you advanced to experience level 6. On T:1826 you reached level 3 of The Gnomish Mines. On T:2497 you reached level 4 of The Gnomish Mines. On T:2778 you advanced to experience level 7. On T:3086 you reached level 5 of The Gnomish Mines. On T:3489 you reached level 6 of The Gnomish Mines. On T:3937 you reached level 7 of The Gnomish Mines. On T:4063 you advanced to experience level 8. On T:4390 you reached level 8 of The Gnomish Mines. Score breakdown: Gold: 236 ( 8078 points) Experience: 8 levels (14739 points) Exploration: 10 levels ( 20.00%) (12857 points) Discoveries: 12 items ( 4.33%) ( 6244 points) Valuables value: (no points given unless you survive) Artifact value: 0 ( 0 points) Variety of kills: 47 monsters ( 12.34%) (10536 points) Turncount: 4623 turns (-1238 points) Survival: died (score multiplied by 80%) Total score: 40972 Latest messages: The magic missile hits the winter wolf cub! The magic missile hits it. The winter wolf cub bites! There are a few objects here. You displace your large dog. Never mind. Raising your wand of magic missile high above your head, you break it in two! The green dragon is caught in the magical blast! You kill the green dragon! The winter wolf cub is caught in the magical blast! You kill the winter wolf cub! The dwarf lord is caught in the magical blast! You kill the dwarf lord! You are caught in the magical blast! You see here a green dragon corpse. You see here a dagger. You see here a green dragon corpse. The giant zombie hits! You die... Final status: Goodbye Qxy the Wizard, killed by a giant zombie... You died in The Gnomish Mines on dungeon level 10 with 40972 points, and 236 pieces of gold, after 4623 moves. You were level 8 with a maximum of 44 hit points when you died.